 Dungeon Crawl Stone Soup version 0.28-a0-1152-g9c71ebef14 (webtiles) character file.

Game seed: 12403265425106889186

146 ytrimaz the Covered (level 5, -11/32 (42) HPs)
             Began as a Formicid Fighter on Dec 14, 2021.
             Mangled by an ogre (21 damage)
             ... on level 3 of the Dungeon.
             The game lasted 00:03:05 (3180 turns).

ytrimaz the Covered (Formicid Fighter)              Turns: 3180, Time: 00:03:06

HP:   -11/32 (42)   AC:  9    Str: 23    XL:     5   Next: 53%
MP:   5/5           EV:  8    Int:  7    God:
Gold: 166           SH:  4    Dex: 10    Spells: 4/4 levels left

rFire   . . .      SeeInvis +   a - +0 war axe
rCold   . . .      Faith    .   c - +0 buckler
rNeg    . . .      Spirit   .   l - +0 chain mail
rPois   .          Reflect  .   (helmet unavailable)
rElec   .          Harm     .   (no cloak)
rCorr   .          Rampage  .   (no gloves)
Will    .....                   (no boots)
Stlth   ..........              (no amulet)
HPRegen 0.10/turn               (no ring)
MPRegen 0.09/turn               (no ring)

@: heavily drained
A: permanent stasis, dig shafts and tunnels, antennae 3, four strong arms
a: Dig, Shaft Self


You were on level 3 of the Dungeon.
You visited 1 branch of the dungeon, and saw 3 of its levels.

You collected 166 gold pieces.

Inventory:

Hand Weapons
 a - a +0 war axe (weapon)
Armour
 c - a +0 buckler (worn)
 l - a +0 chain mail (worn)
Wands
 d - a wand of flame (11)
Scrolls
 i - a scroll of brand weapon
Potions
 e - a potion of cancellation
 f - a potion of attraction {unknown}
 g - a potion of mutation {unknown}
 h - a potion of curing
 j - 2 potions of lignification {unknown}
 k - a potion of magic {unknown}


   Skills:
 * Level 4.2 Fighting
 + Level 3.2 Axes
 * Level 4.5 Armour
 * Level 4.2 Shields


You had 4 spell levels left.
You didn't know any spells.
Your spell library was empty.

Dungeon Overview and Level Annotations

Branches:
Dungeon (3/15)

Altars:

Shops:
D:3 :


Innate Abilities, Weirdness & Mutations

You cannot be hasted, slowed, berserked, paralysed or teleported.
You can dig through walls and to a lower floor.
You have a pair of large antennae on your head. (SInv)
Your four strong arms can wield two-handed weapons with a shield.


Message History

You hit the endoplasm.
You kill the endoplasm!
You now have 157 gold pieces (gained 7).
You now have 166 gold pieces (gained 9).
An ogre comes into view. It is wielding a +0 giant spiked club.
The ogre shouts!
An ogre is nearby!
An ogre is nearby!
An ogre is nearby!
Okay, then.
Aiming: Throw Flame
Press: ? - help, Shift-Dir - straight line, f - ogre
Aim: an ogre, wielding a +0 giant spiked club (85% to hit)
The puff of flame hits the ogre.
The ogre is lightly wounded.
Aiming: Throw Flame
Press: ? - help, Shift-Dir - straight line, f/p - ogre
Aim: an ogre, wielding a +0 giant spiked club (lightly wounded, 85% to hit)
The puff of flame hits the ogre.
The ogre is moderately wounded.
Unknown command.
You barely miss the ogre.
The ogre is moderately wounded.
The ogre hits you with a +0 giant spiked club!
You hit the ogre.
The ogre is heavily wounded.
The ogre closely misses you.
You barely miss the ogre.
The ogre is heavily wounded.
The ogre hits you with a +0 giant spiked club!
* * * LOW HITPOINT WARNING * * *
You hit the ogre.
The ogre is heavily wounded.
The ogre barely misses you.
Unknown command.
You hit the ogre.
The ogre is severely wounded.
The ogre hits you with a +0 giant spiked club!!
Ouch! That really hurt!
You die...

#.# # #.# # #.# #
#.# ######### #
#.# #...O.... #
#.###### #O#######
# #......# #.# #
######.#########.#
#...@O......#
#############


You could see an ogre.

Vanquished Creatures
  Robin (D:2)
  5 adders
  2 dart slugs
  5 orcs (D:3)
  7 endoplasms
  A giant cockroach (D:2)
  13 goblins
  10 hobgoblins
  4 jackals (D:2)
  3 quokkas
  5 ball pythons
  A bat (D:1)
  3 frilled lizards
  9 kobolds
  6 rats
75 creatures vanquished.

Vanquished Creatures (others)
  14 plants (D:2)
14 creatures vanquished.

Grand Total: 89 creatures vanquished

Notes
Turn   | Place    | Note
-------+----------+-------------------------------------------
     0 | D:1      | ytrimaz the Formicid Fighter began the quest for the Orb.
     0 | D:1      | Reached XP level 1. HP: 18/18 MP: 1/1
    50 | D:1      | Found a faded altar of an unknown god.
   169 | D:1      | Reached XP level 2. HP: 12/24 MP: 2/2
   772 | D:1      | Reached XP level 3. HP: 28/29 MP: 3/3
  1353 | D:2      | Noticed Robin
  1359 | D:2      | Killed Robin
  1360 | D:2      | Reached XP level 4. HP: 7/37 MP: 4/4
  1986 | D:2      | Reached XP level 5. HP: 36/42 MP: 5/5
  2695 | D:3      | HP: 1/34 [orc (1)]
  2744 | D:3      | Found Ushavunn's Book Shoppe.
  3162 | D:3      | Noticed an ogre
  3180 | D:3      | Mangled by an ogre

Illustrated notes

Levels and vault maps discovered:
D:1:      zelgadis_glass_arrival_small, layout_loops_ring,
          ebering_ecumenical_altar_mist, minmay_pentomino_q4
D:2:      layout_loops_ring, serial_bayou_lake_a, uniq_robin
D:3:      layout_loops_ring, serial_shops, shop

Skill      XL: |  1  2  3  4 |
---------------+-------------+-----
Shields        | 4 |  4.2
Armour         | 4 |  4.5
Fighting       | 4 |  4.2
Axes           | 3 |  3.2

Action                   |  1- 3 |  4- 6 || total
-------------------------+-------+-------++-------
Melee: War axe           |    98 |    86 ||   184
Evoke: Wand              |       |     2 ||     2
  Use: Scroll            |     3 |     2 ||     5
       Potion            |       |     3 ||     3
Armor: Scale mail        |    48 |    19 ||    67
       Chain mail        |       |    33 ||    33
Dodge: Dodged            |    52 |    36 ||    88
Block: Buckler           |    20 |    18 ||    38

Table legend: (Time is in decaauts)
 A = Elapsed time spent in this place.
 B = Non-inter-level travel time spent in this place.
 C = Inter-level travel time spent in this place.
 D = Time resting spent in this place.
 E = Time spent auto-exploring this place.
 F = Levels seen in this place.
 G = Mean time per level.
                   A        B        C        D        E       F      G
               +--------+--------+--------+--------+--------+-----+--------+
         Total |   3296 |   3156 |    140 |    518 |   2086 |   3 | 1098.7 |
       Dungeon |   3296 |   3156 |    140 |    518 |   2086 |   3 | 1098.7 |
               +--------+--------+--------+--------+--------+-----+--------+

Top non-repeatable levels by time:
     D:2: 1365 daAuts
     D:1: 1274 daAuts
     D:3: 656 daAuts
